 Dungeon Crawl Stone Soup version 0.16-a0-44-gd96af6c (webtiles) character file.

3215 Qrupt the Basher (level 9, -3/84 HPs)
             Began as a Hill Orc Chaos Knight on Aug 5, 2014.
             Was a Plaything of Xom.
             Slain by a guardian serpent (16 damage)
             ... on Level 8 of the Dungeon.
             The game lasted 00:32:53 (7542 turns).

Qrupt the Basher (Hill Orc Chaos Knight)            Turns: 7542, Time: 00:32:53

HP  -3/84        AC 15     Str 15      XL: 9   Next: 97%
MP   9/9         EV 10     Int 12      God: Xom
Gold 338         SH  5     Dex 11      Spells:  0 memorised,  8 levels left

rFire  x . .     SeeInvis .     a - +1 mace (chaos)
rCold  + + +     Clarity  .     A - +2 ice dragon armour (curse)
rNeg   . . .     rCorr    .     x - +0 buckler
rPois  .         rRot     .     (no helmet)
rElec  .         Spirit   .     e - +0 cloak
SustAb .         Warding  .     g - +0 pair of gloves (curse)
rMut   .         Stasis   .     w - +0 pair of boots
Gourm  .                        (no amulet)
MR     .....                    o - ring of protection from cold
                                i - cursed +2 ring of evasion

@: lethally poisoned, especially stealthy, slowed, very slow, not resistant to
hostile enchantments, very unstealthy
A: regeneration 1, weak 1
a: Renounce Religion


You were on level 8 of the Dungeon.
You worshipped Xom.
You were Xom's teddy bear.
You were hungry.

You visited 1 branch of the dungeon, and saw 9 of its levels.
You also visited: Sewer and Ossuary.

You collected 338 gold pieces.

Inventory:

Hand weapons
 a - a +1 mace of chaos (weapon)
 C - the cursed -1 war axe of Disembowelment {pain, rF+ rC+ MR+}
   (You found it on level 7 of the Dungeon)

   In the hands of one skilled in necromantic magic, it inflicts extra damage on
   living creatures.
   It protects you from fire.
   It protects you from cold.
   It affects your resistance to hostile enchantments.
   It has a curse placed upon it.
Armour
 b - a +2 leather armour
 e - a +0 cloak (worn)
 g - a cursed +0 pair of gloves (worn)
 w - a +0 pair of boots (worn)
 x - a +0 buckler (worn)
 A - a cursed +2 ice dragon armour (worn)
Magical devices
 y - a wand of magic darts (23)
 F - a wand of enslavement (11)
 N - a wand of digging (16) {unknown}
Comestibles
 c - 3 meat rations
 f - 14 royal jellies
 l - 2 slices of pizza
 t - 2 bread rations
 H - a beef jerky
 O - 4 fruits
 Q - a rotting chunk of wyvern flesh
Scrolls
 d - 2 scrolls of remove curse
 k - 2 scrolls of blinking
 p - 3 scrolls of enchant armour
 u - 3 scrolls of identify
 J - a scroll of fear
 K - a scroll of silence
 M - a scroll of recharging
 R - a scroll of magic mapping
Jewellery
 i - a cursed +2 ring of evasion (left hand)
 o - a ring of protection from cold (right hand)
 z - a cursed ring of magical power
Potions
 h - 3 potions of invisibility
 j - 2 potions of degeneration
 m - 2 potions of brilliance {unknown}
 n - 3 potions of might
 q - a potion of flight {unknown}
 r - 3 potions of restore abilities
 s - 6 potions of curing
 v - a potion of confusion {unknown}
 B - a potion of poison {unknown}
 D - a potion of magic {unknown}
 E - 2 potions of cure mutation {unknown}
 G - a potion of lignification {unknown}
 L - 2 potions of resistance {unknown}
Books
 I - a book of Air

   Spells                             Type                      Level
   Shock                              Conjuration/Air              1
   Swiftness                          Charms/Air                   2
   Repel Missiles                     Charms/Air                   2
   Flight                             Charms/Air                   3
   Static Discharge                   Conjuration/Air              3
   Lightning Bolt                     Conjuration/Air              5
 P - a book of Annihilations {highlevel, unknown}

   This book is beyond your current level of understanding.

   Spells                             Type                      Level
   Poison Arrow                       Conjuration/Poison           6
   Chain Lightning                    Conjuration/Air              8
   Lehudib's Crystal Spear            Conjuration/Earth            8
   Glaciate                           Conjuration/Ice              9
   Fire Storm                         Conjuration/Fire             9


   Skills:
 - Level 9.5 Fighting
 + Level 10.3 Maces & Flails
 - Level 2.1 Armour
 - Level 0.7 Dodging
 - Level 7.8 Shields


You had 8 spell levels left.
You didn't know any spells.

Dungeon Overview and Level Annotations

Branches:
Dungeon (9/15)             Temple (0/1) D:6
    Orc: D:9-12        Lair: D:8-11

Altars:
Trog


Innate Abilities, Weirdness & Mutations

Your natural rate of healing is unusually fast.
You are weak. (Str -2)


Message History

You are poisoned.
You miss the guardian serpent.
You feel sick. The hound closely misses you. The guardian serpent hits you!
You hit the guardian serpent. You burn the guardian serpent.
The guardian serpent is lightly wounded.
You feel sick. The hound barely misses you.
The guardian serpent casts a spell at you.
You feel yourself slow down. The hound bites you.
The guardian serpent hits you!
You feel sick.
Xom guffaws.
You blink.
You are now Xom's teddy bear.
The lava snake spits lava!
The glob of lava hits you! The lava burns you terribly! The hound misses you.
The guardian serpent hits you!
* * * LOW HITPOINT WARNING * * *
You feel sick. You block the hound's attack. The guardian serpent hits you!
You die...
Xom bursts into laughter!

∆∆* ,#§≈.....# ##'## * ,
#≈≈.$...# #...# ... ##≈S.....*
#...# ....##≈§S...# #...######
######§§§....########...'....#
§≈§≈§≈§≈.#......##.≈########.#
§≈S§§≈≈.§#......#.≈##### #.#
.......# #.....S#..#...### #.#
.......####....h@.≈'.#.'.# #.#
..........#>....#..#...### #.#
#'#............#.≈##### #.#
#.#............##.≈## #.#
#.#............####.# #.#
#.#............# #.# #.#
#.#<...........# ##'#######.#
#.'...........## #..........#
###........#### #..........#


You could see a guardian serpent and a hound.

Vanquished Creatures
  A catoblepas skeleton (D:8)
  A wyvern (D:8)
  2 hungry ghosts (D:7)
  A black bear (D:4)
  A phantom (D:6)
  An ogre (D:5)
  An ice beast (D:7)
  2 centaurs
  Sigmund (D:7)
  A big kobold (D:8)
  3 giant frogs
  2 scorpions
  5 killer bees (D:7)
  3 crimson imps
  A goliath beetle (shapeshifter) (D:7)
  6 hounds
  A centaur zombie (D:8)
  6 jellies
  A human zombie (Ossuary)
  An orc priest (D:3)
  8 worker ants
  2 orc wizards (D:7)
  An iguana (D:8)
  An orange rat (D:6)
  A killer bee zombie (D:8)
  A big kobold zombie (Ossuary)
  Ijyb (D:4)
  Jessica (D:3)
  2 hound zombies (Ossuary)
  Terence (D:2)
  2 mummies (Ossuary)
  7 adders
  A gnoll (D:5)
  5 giant mites
  4 worms
  An adder zombie (D:5)
  7 giant geckos
  9 oozes
  17 orcs
  26 bats
  3 bat skeletons
  6 giant cockroaches
  12 goblins
  17 hobgoblins
  14 jackals
  21 kobolds
  5 quokkas
  3 ball pythons
  5 giant newts (Sewer)
  A gnoll skeleton (D:4)
  A kobold skeleton (D:5)
  A kobold zombie (Ossuary)
  2 orc skeletons
  12 rats
242 creatures vanquished.

Vanquished Creatures (collateral kills)
  An orc warrior (D:4)
  A human zombie (Ossuary)
  2 orc priests (D:4)
  An orc wizard (D:4)
  2 mummies (Ossuary)
  A worm (D:4)
  An adder zombie (Ossuary)
  2 giant geckos
  5 orcs (D:4)
  A jackal (D:4)
  A gnoll zombie (Ossuary)
  2 goblin zombies (Ossuary)
  A hobgoblin zombie (Ossuary)
  A kobold (D:4)
  A kobold zombie (Ossuary)
23 creatures vanquished.

Vanquished Creatures (others)
  A quasit (D:7)
  An orc wizard (D:4)
  A killer bee zombie (D:7)
  A shadow imp (D:8)
  An ufetubus (D:4)
  An orc (D:3)
6 creatures vanquished.

Grand Total: 271 creatures vanquished

Notes
Turn   | Place    | Note
--------------------------------------------------------------
     0 | D:1      | Qrupt, the Hill Orc Chaos Knight, began the quest for the Orb.
     0 | D:1      | Reached XP level 1. HP: 19/19 MP: 1/1
   108 | D:1      | Reached XP level 2. HP: 26/26 MP: 2/2
   119 | D:1      | XOM: harmless Ice miscast
   131 | D:1      | Reached skill level 4 in Maces & Flails
   220 | D:1      | Gained mutation: You are weak. (Str -2) [potion of mutation]
   220 | D:1      | Gained mutation: Your natural rate of healing is unusually fast. [potion of mutation]
   220 | D:1      | Lost mutation: You are weak. (Str -2) [potion of mutation]
   249 | D:1      | Reached XP level 3. HP: 10/31 MP: 3/3
   454 | D:1      | XOM: harmless Hex miscast
   489 | D:1      | XOM: silly message
   525 | D:1      | XOM: harmless Summ miscast
   676 | D:2      | XOM: mild Hex miscast
   690 | D:2      | Noticed Terence
   699 | D:2      | Killed Terence
   699 | D:2      | Reached skill level 5 in Maces & Flails
   782 | D:2      | Reached XP level 4. HP: 39/39 MP: 4/4
  1357 | D:3      | XOM: silly message
  1574 | D:3      | Noticed Jessica
  1578 | D:3      | Killed Jessica
  1578 | D:3      | Reached skill level 6 in Maces & Flails
  1578 | D:3      | Reached XP level 5. HP: 36/45 MP: 5/5
  2080 | D:3      | XOM: vitrification
  2089 | D:4      | XOM: stealth player
  2150 | D:4      | Reached skill level 7 in Maces & Flails
  2206 | D:4      | Reached XP level 6. HP: 32/51 MP: 6/6
  2228 | D:4      | Killed an orc warrior
  2396 | D:4      | XOM: confuse monster(s)
  2406 | D:4      | Found a glowing drain.
  2412 | Sewer    | Entered a sewer
  2968 | D:4      | XOM: give mutation
  2968 | D:4      | Gained mutation: You are weak. (Str -2) [Xom's mischief]
  2997 | D:4      | Reached skill level 8 in Maces & Flails
  3003 | D:4      | XOM: summons friendly ufetubus
  3117 | D:4      | Reached XP level 7. HP: 57/57 MP: 7/7
  3144 | D:4      | Noticed Ijyb
  3158 | D:4      | Killed Ijyb
  3399 | D:4      | Noticed a black bear
  3411 | D:4      | Killed a black bear
  3411 | D:4      | Reached skill level 9 in Maces & Flails
  3694 | D:5      | Entered Level 5 of the Dungeon
  3736 | D:5      | XOM: harmless Conj miscast
  3829 | D:5      | Reached skill level 1 in Shields
  3894 | D:5      | XOM: potion effect (might)
  3908 | D:5      | XOM: silly message
  3931 | D:5      | Found a bloodstained altar of Trog.
  4099 | D:5      | Reached XP level 8. HP: 47/64 MP: 8/8
  4169 | D:5      | XOM: divination: detect items
  4380 | D:5      | XOM: cast spell 'Statue Form'
  4493 | D:5      | XOM: potion effect (berserk rage)
  4568 | D:6      | XOM: medium Ice miscast
  4578 | D:6      | XOM: confuse monster(s)
  4614 | D:6      | Reached skill level 5 in Shields
  4654 | D:6      | XOM: summons 2 friendly demons
  4805 | D:6      | XOM: polymorph jelly -> orange rat
  4922 | D:6      | Found a staircase to the Ecumenical Temple.
  5278 | D:7      | XOM: polymorph orc -> adder
  5355 | D:7      | Got a slimy war axe
  5362 | D:7      | Noticed Sigmund
  5366 | D:7      | XOM: blink monster(s)
  5387 | D:7      | XOM: fake destruction
  5391 | D:7      | XOM: summons 2 friendly demons
  5406 | D:7      | Killed Sigmund
  5461 | D:7      | Found a sand-covered staircase.
  5469 | D:7      | Reached skill level 5 in Fighting
  5469 | D:7      | Reached XP level 9. HP: 71/74 MP: 9/9
  5472 | Ossuary  | Entered an ossuary
  5473 | Ossuary  | Identified the cursed -1 war axe of Disembowelment {pain, rF+ rC+ MR+} (You found it on level 7 of the Dungeon)
  5484 | Ossuary  | XOM: swap monsters
  5502 | Ossuary  | XOM: cast spell 'Call Canine Familiar'
  5882 | D:7      | XOM: enchant monster (good)
  6453 | D:8      | XOM: divination: detect items
  6880 | D:8      | Noticed a draconian
  6916 | D:8      | Noticed a lindwurm
  6961 | D:8      | XOM: summons friendly shadow imp
  7089 | D:8      | XOM: enchant monster (bad)
  7107 | D:8      | XOM: divination: magic mapping
  7237 | D:8      | Reached skill level 10 in Maces & Flails
  7298 | D:8      | XOM: enchant monster (good)
  7502 | D:8      | XOM: silly message
  7530 | D:9      | XOM: stealth player
  7535 | D:8      | XOM: enchant monster (good)
  7537 | D:8      | Noticed a guardian serpent
  7537 | D:8      | a yak changed into a guardian serpent
  7540 | D:8      | XOM: cast spell 'Blink'
  7542 | D:8      | Slain by a guardian serpent

Action                   |  1- 3 |  4- 6 |  7- 9 || total
-------------------------+-------+-------+-------++-------
Melee: Mace              |    95 |   338 |   708 ||  1141
Evoke: Wand              |       |       |     1 ||     1
  Use: Potion            |     1 |     1 |     1 ||     3
       Scroll            |       |     8 |    11 ||    19
 Stab: Paralysed         |     1 |     1 |    22 ||    24
       Petrifying        |       |     3 |     1 ||     4
       Confused          |       |     2 |     8 ||    10
       Petrified         |       |       |     1 ||     1
  Eat: Chunk             |       |     7 |    16 ||    23
       Fruit             |       |       |     2 ||     2
